 Dungeon Crawl Stone Soup version 0.19.5 (webtiles) character file.

2020 NTAmi the Chiller (level 9, -21/68 HPs)
             Began as a White Draconian Ice Elementalist on Mar 5, 2017.
             Killed from afar by humperndinck's ghost (45 damage)
             ... with a bolt of negative energy
             ... on level 7 of the Dungeon on Mar 6, 2017.
             The game lasted 01:08:09 (5822 turns).

NTAmi the Chiller (DrIE)                            Turns: 5822, Time: 01:08:10

Health: -21/68     AC: 17    Str: 16    XL:     9   Next: 3%
Magic:  12/18      EV: 12    Int: 18    God:
Gold:   220        SH:  0    Dex: 12    Spells: 4 memorised, 14 levels left

rFire  . . .     SeeInvis .     H - +4 quarterstaff (chaos)
rCold  + + .     Gourm    .     (armour unavailable)
rNeg   . . .     Faith    .     (shield currently unavailable)
rPois  .         Spirit   .     (helmet restricted)
rElec  .         Reflect  .     I - +0 cloak
rCorr  .         Harm     .     w - +0 pair of gloves
MR     .....                    v - +1 pair of boots
Stlth  ++........               (no amulet)
                                (no ring)
                                C - ring of protection from cold

@: mighty, icy armour, very slightly contaminated, heavily drained, slow
A: breathe frost, unfitting armour, cold resistance 1, cold-blooded, AC +7
a: Breathe Frost


You were on level 7 of the Dungeon.
You were not hungry.

You visited 1 branch of the dungeon, and saw 8 of its levels.

You collected 220 gold pieces.

Inventory:

Hand Weapons
 c - a +0 scythe
 d - a +0 dagger
 i - a +0 whip
 j - a +0 short sword
 l - a +0 dagger
 o - a +0 dagger
 p - a +0 short sword
 s - a +0 hunting sling
 u - a +0 dagger
 z - a +1 flail of venom
 F - a +2 whip of freezing
 H - a +4 quarterstaff of chaos (weapon)
 M - a +0 scimitar
 O - a +0 blowgun
 P - a +2 whip of venom
 Q - a +1 dagger of holy wrath
 T - a +0 falchion
Missiles
 h - 104 stones
 k - 5 needles of sleeping
 m - 72 arrows
 q - 80 sling bullets
 r - 24 poisoned needles
 J - 16 bolts
 L - 5 tomahawks (quivered)
Armour
 v - a +1 pair of boots (worn)
 w - a +0 pair of gloves (worn)
 B - a +0 buckler
 I - a +0 cloak (worn)
Jewellery
 C - a ring of protection from cold (left hand)
Scrolls
 e - 3 scrolls of identify
 y - a scroll of fog {unknown}
 A - a scroll of remove curse
 D - a scroll of magic mapping {unknown}
 G - a scroll of recharging
Potions
 f - a potion of cancellation
 E - a potion of lignification {unknown}
 K - a potion of brilliance
 N - a potion of might
 S - a potion of magic {unknown}
Books
 a - a book of Frost

   Spells                             Type                      Level
   a - Freeze                         Ice                          1
   b - Throw Frost                    Conjuration/Ice              2
   c - Ozocubu's Armour               Charms/Ice                   3
   d - Throw Icicle                   Conjuration/Ice              4
   e - Summon Ice Beast               Ice/Summoning                4
 n - a book of Maledictions

   Spells                             Type                      Level
   a - Corona                         Hexes                        1
   b - Ensorcelled Hibernation        Hexes/Ice                    2
   c - Confuse                        Hexes                        3
   d - Tukima's Dance                 Hexes                        3
   e - Dazzling Spray                 Conjuration/Hexes            3
Comestibles
 b - 3 bread rations
 g - 4 meat rations
 t - 5 fruits
 R - 4 chunks of flesh


   Skills:
 * Level 2.5(0.7) Fighting
 * Level 2.1(0.4) Short Blades
 + Level 2.4(0.7) Staves
 + Level 2.2(0.6) Slings
 + Level 1.0(0.1) Throwing
 + Level 3.0(1.2) Dodging
 + Level 3.3(1.5) Stealth
 * Level 1.5(0.0) Unarmed Combat
 + Level 6.5(4.5) Spellcasting
 * Level 1.6(0.0) Conjurations
 * Level 1.4(0.0) Hexes
 * Level 1.1(0.0) Charms
 + Level 7.8(5.8) Ice Magic


You had 14 spell levels left.
You knew the following spells:

 Your Spells              Type           Power        Failure   Level  Hunger
a - Freeze                Ice            ###.         1%          1    None
b - Throw Frost           Conj/Ice       ##....       8%          2    #......
c - Ozocubu's Armour      Chrm/Ice       ##......     14%         3    ###....
d - Corona                Hex            #......      14%         1    None


Dungeon Overview and Level Annotations

Branches:
Dungeon (8/15)
 Temple: D:4-7         Lair: D:8-11

Altars:
Ashenzari
Elyvilon
Gozag
Ru
Xom
Zin

Annotations:
D:7 humperndinck's ghost, novice DrIE


Innate Abilities, Weirdness & Mutations

You can breathe waves of freezing cold.
You can buffet flying creatures when you breathe cold.
Your icy white scales are hard. (AC +7)
You cannot fit into any form of body armour.
Your flesh is cold resistant. (rC+)
You are cold-blooded and may be slowed by cold attacks.


Message History

You tail-slap humperndinck's ghost.
Humperndinck's ghost is heavily damaged.
Humperndinck's ghost points at you and mumbles some strange words.
You are frozen.
The quokka bites you but does no damage.
Humperndinck's ghost hits you but does no damage.
You feel better.
Humperndinck's ghost hits you but does no damage.
The quokka misses you.
Humperndinck's ghost casts a spell at you.
You are frozen.
You closely miss humperndinck's ghost.
Humperndinck's ghost is heavily damaged.
The quokka bites you but does no damage.
Humperndinck's ghost points at you and mumbles some strange words.
You are frozen.
The quokka bites you.
Humperndinck's ghost breathes negative energy at you.
The bolt of negative energy hits you!
You feel drained.
Ouch! That really hurt!
You die...

# ############ #
.......... #
#.......#### #
#.......##.###########
#...W.................
#...r@..##############
...#.......##.......#
...'....#'###.#####)###
...####.#.# #.# #.....#
. #.#.###.# #.....#
#.#.....# #.....#
#.#########.....# #.#
#...'.....# #.#
#.###.....#


You could see humperndinck's ghost and a quokka.

Vanquished Creatures
  Pikel (D:4)
  Sigmund (D:2)
  A black bear (D:6)
  An ice beast (D:5)
  2 phantoms
  2 ogres
  A big kobold (D:5)
  Blork the orc (D:3)
  A gnoll sergeant (D:4)
  A water moccasin zombie (D:8)
  A wyvern skeleton (D:7)
  Crazy Yiuf (D:5)
  A centaur skeleton (D:4)
  An orc priest (D:5)
  A hound (D:6)
  2 orc wizards
  An iguana (D:5)
  8 worker ants
  A hound skeleton (D:7)
  5 gnolls
  5 adders
  A shadow imp (D:7)
  2 oozes
  2 adder zombies
  6 worms
  2 dart slugs
  3 leopard geckos
  12 orcs
  3 ball pythons
  6 giant cockroaches
  11 goblins
  8 hobgoblins
  6 jackals
  27 kobolds
  A quokka (D:5)
  5 bats
  3 frilled lizards
  7 rats
  2 plants (D:5)
146 creatures vanquished.

Vanquished Creatures (others)
  2 slaves (D:4)
  A worker ant (D:4)
  A worm (D:4)
  A frilled lizard (D:4)
  2 plants (D:5)
7 creatures vanquished.

Grand Total: 153 creatures vanquished

Notes
Turn   | Place    | Note
-------+----------+-------------------------------------------
     0 | D:1      | NTAmi the Draconian Ice Elementalist began the quest for the Orb.
     0 | D:1      | Reached XP level 1. HP: 14/14 MP: 3/3
   293 | D:1      | Reached XP level 2. HP: 18/20 MP: 0/5
   638 | D:1      | Reached XP level 3. HP: 23/26 MP: 2/6
  1345 | D:2      | Found a white marble altar of Elyvilon.
  1535 | D:2      | Learned a level 2 spell: Throw Frost
  1655 | D:2      | Noticed Sigmund
  1672 | D:2      | Reached skill level 4 in Ice Magic
  1672 | D:2      | Reached XP level 4. HP: 25/33 MP: 3/8
  1697 | D:2      | Killed Sigmund
  1697 | D:2      | Reached XP level 5. HP: 29/38 MP: 0/10
  1718 | D:2      | Found a sacrificial altar of Ru.
  1858 | D:2      | Reached XP level 6. HP: 44/45 MP: 11/11
  1863 | D:2      | Learned a level 3 spell: Ozocubu's Armour
  2758 | D:4      | Noticed a slave
  2760 | D:4      | Noticed a slave
  2761 | D:4      | Noticed Pikel
  2778 | D:4      | Noticed Blork the orc
  2783 | D:4      | Noticed a slave
  2785 | D:4      | Noticed a slave
  2800 | D:4      | Killed Pikel
  2800 | D:4      | Reached skill level 1 in Short Blades
  2800 | D:4      | Reached skill level 1 in Throwing
  2800 | D:4      | Reached skill level 5 in Spellcasting
  2800 | D:4      | Reached skill level 5 in Ice Magic
  2800 | D:4      | Your scales start taking on an icy white colour.
  2800 | D:4      | Reached skill level 7 in Ice Magic
  2800 | D:4      | Reached XP level 7. HP: 37/50 MP: 2/14
  2800 | D:4      | Gained mutation: Your flesh is cold resistant. (rC+) [White Draconian growth]
  2835 | D:3      | Killed Blork the orc
  3338 | D:5      | Entered Level 5 of the Dungeon
  3421 | D:4      | Reached skill level 1 in Fighting
  3421 | D:4      | Reached skill level 1 in Slings
  3421 | D:4      | Reached XP level 8. HP: 51/59 MP: 9/16
  3983 | D:4      | Learned a level 1 spell: Corona
  4046 | D:5      | Found a runed door.
  4050 | D:5      | Noticed Crazy Yiuf
  4056 | D:5      | Killed Crazy Yiuf
  4368 | D:5      | Found a shattered altar of Ashenzari.
  4854 | D:5      | Reached skill level 1 in Unarmed Combat
  4854 | D:5      | Reached skill level 1 in Hexes
  4854 | D:5      | Reached skill level 1 in Charms
  5109 | D:5      | Found a sacrificial altar of Ru.
  5298 | D:5      | Reached skill level 1 in Staves
  5492 | D:5      | You fall through a shaft for 3 floors!
  5520 | D:8      | Found an opulent altar of Gozag.
  5520 | D:8      | Found a glowing silver altar of Zin.
  5598 | D:7      | Found a shimmering altar of Xom.
  5765 | D:7      | Reached XP level 9. HP: 67/68 MP: 9/18
  5794 | D:7      | Noticed humperndinck's ghost (novice DrIE)
  5822 | D:7      | Killed from afar by humperndinck's ghost

Skill      XL: |  1  2  3  4  5  6  7  8  9 |
---------------+----------------------------+-----
Dodging        | 2 3 |  3.0
Stealth        | 2 3 |  3.3
Ice Magic      | 4 7 |  7.8
Spellcasting   | 3 5 6 |  6.5
Short Blades   | 1 2 |  2.1
Throwing       | 1 |  1.0
Fighting       | 1 2 |  2.5
Slings         | 1 2 |  2.2
Unarmed Combat | 1 |  1.5
Hexes          | 1 |  1.4
Charms         | 1 |  1.1
Staves         | 2 |  2.4
Conjurations   | |  1.6

Action                   |  1- 3 |  4- 6 |  7- 9 || total
-------------------------+-------+-------+-------++-------
Melee: Unarmed           |    26 |       |       ||    26
       Tailslap          |     6 |     7 |    28 ||    41
       Dagger            |    25 |    63 |     9 ||    97
       Punch             |       |     1 |       ||     1
       Quarterstaff      |       |       |   119 ||   119
       Short sword       |       |       |    68 ||    68
       Hunting sling     |       |       |     1 ||     1
 Fire: Hunting sling     |       |       |    64 ||    64
Throw: Stone             |    11 |    10 |     3 ||    24
       Tomahawk          |       |       |     3 ||     3
 Cast: Freeze            |    50 |    41 |    94 ||   185
       Ozocubu's Armour  |       |     4 |    19 ||    23
       Throw Frost       |       |     4 |    11 ||    15
       Corona            |       |       |    16 ||    16
  Use: Potion            |       |     4 |     5 ||     9
       Scroll            |       |     4 |     4 ||     8
 Stab: Sleeping          |     3 |     5 |     6 ||    14
       Paralysed         |       |     1 |     3 ||     4
  Eat: Chunk             |     3 |     3 |     7 ||    13
       Pizza             |       |     1 |     2 ||     3
       Beef jerky        |       |       |     1 ||     1
Armor: Skin              |    23 |    38 |   140 ||   201
Dodge: Dodged            |    70 |    56 |   182 ||   308
